 Dungeon Crawl Stone Soup version 0.29.0-7-g18a832c13a (webtiles) character file.

Game seed: 6735721205649565600

891 Arum the Trooper (level 7, -1/57 HPs)
             Began as a Demonspawn Gladiator on Aug 30, 2022.
             Was a Follower of Dithmenos.
             Slain by Grinder (2 damage)
             ... on level 5 of the Dungeon.
             The game lasted 00:07:56 (4354 turns).

Arum the Trooper (Demonspawn Gladiator)             Turns: 4354, Time: 00:07:57

Health: -1/57      AC: -1    Str: 17 (20) XL:     7   Next: 78%
Magic:  7/7        EV: 14    Int:  7 (10) God:    Dithmenos [*.....]
Gold:   136        SH:  0    Dex: 20 (22) Spells: 6/6 levels left

rFire   + . .      SeeInvis .   a - +1 long sword
rCold   + . .      Faith    .   (no shield)
rNeg    . . .      Spirit   .   b - +0 ring mail
rPois   +          Reflect  .   c - +0 helmet
rElec   +          Harm     .   (no cloak)
rCorr   +          Rampage  .   (no gloves)
Will    .....                   (no boots)
Stlth   +.........              (no amulet)
HPRegen 0.19/turn               g - +6 ring of dexterity
MPRegen 0.10/turn               o - +6 ring of strength

@: mighty, brilliant, resistant, corroded, attractive, wreathed by umbra
A: hooves 1, rugged brown scales 1, powered by pain 1
a: Renounce Religion


You were on level 5 of the Dungeon.
You worshipped Dithmenos.
Dithmenos was aware of your devotion.
You visited 1 branch of the dungeon, and saw 5 of its levels.

You collected 136 gold pieces.

Inventory:

Hand Weapons
 a - a +1 long sword (weapon)
 y - a +0 great sword
Missiles
 d - 5 throwing nets (quivered)
 e - a javelin
Armour
 b - a +0 ring mail (worn)
 c - a +0 helmet (worn)
Jewellery
 g - a +6 ring of dexterity (left hand)
 k - a ring of poison resistance
 o - a +6 ring of strength (right hand)
Scrolls
 h - a scroll of fog {unknown}
 j - 2 scrolls of noise {unknown}
 l - a scroll of teleportation
 r - 3 scrolls of identify
 u - a scroll of fear
 w - a scroll of immolation {unknown}
Potions
 f - 2 potions of degeneration
 m - 2 potions of brilliance
 n - a potion of lignification
 q - a potion of flight
 s - a potion of haste
 t - 2 potions of might


   Skills:
 + Level 5.4 Fighting
 + Level 5.3 Long Blades
 - Level 1.7 Throwing
 + Level 5.3 Dodging


You had 6 spell levels left.
You didn't know any spells.
Your spell library contained the following spells:

 Spells                   Type           Power      Damage    Failure   Level
 Apportation              Tloc           0%         N/A       65%         1
 Beastly Appendage        Tmut           0%         N/A       65%         1
 Wereblood                Tmut           0%         N/A       78%         2
 Spider Form              Tmut/Pois      0%         N/A       95%         3
 Stone Arrow              Conj/Erth      0%         3d7       95%         3
 Animate Armour           Summ/Erth      0%         N/A       100%        4
 Alistair's Intoxication  Tmut/Pois      0%         N/A       100%        5
 Fireball                 Conj/Fire      0%         3d3       100%        5
 Starburst                Conj/Fire      0%         6d3       100%        6
 Ignition                 Fire           0%         3d3       100%        8
 Lehudib's Crystal Spear  Conj/Erth      0%         10d2      100%        8


Dungeon Overview and Level Annotations

Branches:
Dungeon (5/15)             Temple (0/1) D:4

Altars:
Ashenzari
Cheibriados
Dithmenos
Makhleb
Qazlal
Yredelemnul

Shops:
D:4 =

Annotations:
D:5 Grinder


Innate Abilities, Weirdness & Mutations

You have large cloven feet.
You are partially covered in rugged brown scales. (AC +1, +3% HP)
You sometimes gain a little power by taking damage.


Message History

Okay, then.
Unknown command.
Your transformation is almost over.
The iguana is attracted toward you. Something is attracted toward you. x2
The iguana is attracted toward you. Something is attracted toward you. x2
Unknown command.
You feel yourself slow down. The iguana is attracted toward you.
Something is attracted toward you. x2
You barely miss the iguana. The iguana is attracted toward you.
Something is attracted toward you. x2
You catch the helpless iguana completely off-guard!
You slash the iguana!
Your attack snaps the iguana out of its fear.
The iguana is heavily wounded.
The iguana is attracted toward you. Something is attracted toward you. x2
You slash the iguana!
You kill the iguana!
Dithmenos accepts your kill. Something is attracted toward you. x2
You slash the orc!
You kill the orc!
Dithmenos accepts your kill. Something is attracted toward you. x2
Something is attracted toward you. x2
You start resting.
Something hits you but does no damage. Something is attracted toward you.
You start resting.
You feel less wooden.
Your +0 helmet unmelds from your body.
Your +0 ring mail unmelds from your body.
Something hits you.
* * * LOW HITPOINT WARNING * * *
Something is attracted toward you. Grinder is attracted toward you.
Grinder gestures at you. Grinder is attracted toward you. Something hits you.
* * * LOW HITPOINT WARNING * * *
Found a robe.
Grinder blinks!
Grinder is attracted toward you.
You barely miss Grinder. Grinder hits you.
You die...

.....# o...... ....#.
....... ..... .......
...#.... .....§.
...##..####..§.... .# #...
#...##.#.){....... .###..
#.........#......#
.##..#####....)..##......#
...........#....@#.......#
..........##.....5.......#
..##........†......§....#.
...#...................##
..>.##.###..............
###.....##........#....[
..#......###...#.##.....
...#.....# ....#..#.....
...##..........# .


You could see Grinder.

Vanquished Creatures
  A black bear (D:5)
  An ogre (D:4)
  A phantom (D:5)
  Blork the orc (D:5)
  A scorpion (D:4)
  2 howler monkeys (D:5)
  2 hounds
  2 jellies
  Jessica (D:2)
  4 iguanas
  An orc wizard (D:2)
  4 gnolls (D:2)
  6 adders
  A worm (D:3)
  8 orcs
  7 bats
  5 endoplasms
  5 goblins
  8 hobgoblins
  3 jackals (D:1)
  4 kobolds
  3 quokkas
  8 ball pythons
  A frilled lizard (D:1)
  4 rats
84 creatures vanquished.

Notes
Turn   | Place    | Note
-------+----------+-------------------------------------------
     0 | D:1      | Arum the Demonspawn Gladiator began the quest for the Orb.
     0 | D:1      | Reached XP level 1. HP: 16/16 MP: 1/1
   391 | D:1      | Gained mutation: You have large cloven feet. [demonic
                  | ancestry]
   391 | D:1      | Reached XP level 2. HP: 21/22 MP: 2/2
   806 | D:1      | Reached XP level 3. HP: 24/28 MP: 3/3
  1222 | D:2      | Found a faded altar of an unknown god.
  1271 | D:2      | Noticed Jessica
  1275 | D:2      | Killed Jessica
  1294 | D:2      | Gained mutation: You are partially covered in rugged brown
                  | scales. (AC +1, +3% HP) [demonic ancestry]
  1294 | D:2      | Reached XP level 4. HP: 23/36 MP: 4/4
  2093 | D:3      | Found a shadowy altar of Dithmenos.
  2131 | D:3      | Became a worshipper of Dithmenos the Shadowed
  2381 | D:2      | Reached XP level 5. HP: 39/42 MP: 5/5
  2416 | D:2      | HP: 2/42 [gnoll/+0 halberd (8)]
  2838 | D:3      | Found a broken altar of Ashenzari.
  2843 | D:3      | Saw a vision of the Shoals and the Snake Pit.
  2843 | D:3      | Noticed a sea snake
  2843 | D:3      | Noticed a merfolk
  2843 | D:3      | Noticed a merfolk aquamancer
  2843 | D:3      | Noticed a harpy
  2843 | D:3      | Noticed a black mamba
  2843 | D:3      | Noticed a merfolk
  2843 | D:3      | Noticed a mana viper
  2843 | D:3      | Noticed a sea snake
  2844 | D:3      | Noticed a wind drake
  2844 | D:3      | Noticed a sea snake
  2846 | D:3      | Noticed a salamander
  2846 | D:3      | Noticed a naga
  2927 | D:4      | Noticed an ogre
  2940 | D:4      | Killed an ogre
  3136 | D:4      | Gained mutation: You sometimes gain a little power by
                  | taking damage. [demonic ancestry]
  3136 | D:4      | Reached XP level 6. HP: 49/49 MP: 6/6
  3450 | D:4      | Found a snail-covered altar of Cheibriados.
  3744 | D:4      | Found Col Nauh's Jewellery Shoppe.
  3832 | D:4      | Found a stormy altar of Qazlal.
  3833 | D:4      | Found a basalt altar of Yredelemnul.
  3833 | D:4      | Found a burning altar of Makhleb.
  4137 | D:4      | Found a staircase to the Ecumenical Temple.
  4173 | D:5      | Entered Level 5 of the Dungeon
  4173 | D:5      | Noticed Blork the orc
  4185 | D:5      | Killed Blork the orc
  4186 | D:5      | Reached XP level 7. HP: 44/56 MP: 7/7
  4271 | D:5      | Reached skill level 5 in Fighting
  4271 | D:5      | Reached skill level 5 in Long Blades
  4271 | D:5      | Reached skill level 5 in Dodging
  4295 | D:5      | Reached * piety under Dithmenos
  4300 | D:5      | Noticed Grinder
  4353 | D:5      | HP: 1/57 [something (3)]
  4354 | D:5      | Slain by Grinder

Illustrated notes

Levels and vault maps discovered:
D:1:      tarquinn_simple_flora_water_b, layout_rooms
D:2:      layout_basic, hellmonk_ecumenical_altar_pennies_from_heaven,
          uniq_jessica
D:3:      layout_rooms, lemuel_crystal_altar, grunt_ashenzari_visionary
          [grunt_ashenzari_visionary_shoals, grunt_ashenzari_visionary_snake]
D:4:      layout_loops_ring, lemuel_coloured_pillars_altar,
          gammafunk_temple_overflow_claw, temple_hall_moat, serial_shops,
          nicolae_shop_waterfront, moated_statue
D:5:      layout_cave_pools, mainiacjoe_overflow_surrounded_room, serial_shops,
          shop, uniq_eustachio, uniq_duvessa, uniq_blork_the_orc, uniq_grinder

Skill      XL: |  1  2  3  4  5  6  7 |
---------------+----------------------+-----
Long Blades    | 3 4 5 |  5.3
Dodging        | 3 4 5 |  5.3
Fighting       | 3 4 5 |  5.4
Throwing       | |  1.7

Action                   |  1- 3 |  4- 6 |  7- 9 || total
-------------------------+-------+-------+-------++-------
Melee: Long sword        |    77 |   132 |    46 ||   255
       Kick              |    11 |    42 |    11 ||    64
       Punch             |       |     1 |     2 ||     3
Throw: Javelin           |       |     1 |       ||     1
  Use: Potion            |       |       |     9 ||     9
       Scroll            |       |       |     3 ||     3
 Stab: Sleeping          |     1 |     1 |       ||     2
       Fleeing           |       |       |     1 ||     1
Armor: Leather armour    |    31 |       |       ||    31
       Ring mail         |     8 |    59 |    11 ||    78
       Skin              |       |       |     6 ||     6
Dodge: Dodged            |    75 |   107 |    29 ||   211
